 Dungeon Crawl Stone Soup version 0.22.0-18-ge075c0d (webtiles) character file.

1904 Lew the Insei (level 9, -2/66 HPs)
             Began as a Gnoll Transmuter on Aug 18, 2018.
             Was a Follower of Ashenzari.
             Killed from afar by an orc wizard (8 damage)
             ... with a magic dart
             ... on level 6 of the Dungeon.
             The game lasted 00:21:26 (5310 turns).

Lew the Insei (Gnoll Transmuter)                    Turns: 5310, Time: 00:21:26

Health: -2/66      AC:  2    Str: 13    XL:     9   Next: 15%
Magic:  16/18      EV: 26    Int: 16    God:    Ashenzari [*.....]
Gold:   213        SH:  0    Dex: 23    Spells: 14/20 levels left

rFire    + . .     SeeInvis +     - Unarmed
rCold    . . .     Gourm    .   (shield currently unavailable)
rNeg     . . .     Faith    .   (armour currently unavailable)
rPois    x         Spirit   .   (helmet currently unavailable)
rElec    .         Reflect  .   (cloak currently unavailable)
rCorr    .         Harm     .   (gloves currently unavailable)
MR       .....                  (boots currently unavailable)
Stlth    +++.......             n - amulet of the acrobat
HPRegen  0.21/turn              j - ring of see invisible (curse)
MPRegen  0.16/turn              p - ring of protection from fire

@: spider-form (expiring)
A: tiny, distributed training, strong nose
a: End Transformation, Curse Item, Scrying, Renounce Religion


You were on level 6 of the Dungeon.
You worshipped Ashenzari.
Ashenzari was aware of your devotion.
You were not hungry.
You were a venomous arachnid creature.
You visited 1 branch of the dungeon, and saw 6 of its levels.

You collected 213 gold pieces.

Inventory:

Hand Weapons
 f - a +0 dagger
 i - a +5 quarterstaff of chaos (melded)
Missiles
 a - 12 arrows
Armour
 l - a scarf of repulsion (melded)
 m - a +0 ring mail (melded)
 r - a cursed +2 hat (melded)
 t - a +0 cloak
 u - a cursed +2 pair of gloves (melded)
 w - a +2 hat
Magical Staves
 v - an uncursed staff of summoning
Jewellery
 j - a cursed ring of see invisible (left front leg)
 n - an amulet of the acrobat (around neck)
 p - a ring of protection from fire (right front leg)
Wands
 b - a wand of acid (5)
 h - a wand of scattershot (7)
Scrolls
 c - 2 scrolls of identify
 e - 2 scrolls of teleportation
 q - 2 scrolls of magic mapping
Potions
 g - a potion of curing
 k - 2 potions of might
 o - 4 potions of heal wounds
 s - a potion of agility {unknown}
Comestibles
 d - 8 rations


   Skills:
 + Level 4.7 Fighting
 + Level 3.9 Short Blades
 + Level 3.9 Long Blades
 + Level 3.9 Axes
 + Level 3.9 Maces & Flails
 + Level 3.9 Polearms
 + Level 3.9 Staves
 + Level 3.9 Slings
 + Level 3.9 Bows
 + Level 3.9 Crossbows
 + Level 3.9 Throwing
 + Level 3.9 Armour
 + Level 6.1 Dodging
 + Level 3.9 Stealth
 + Level 3.9 Shields
 + Level 7.7 Unarmed Combat
 + Level 6.4 Spellcasting
 + Level 3.2 Conjurations
 + Level 3.2 Hexes
 + Level 3.2 Charms
 + Level 3.2 Summonings
 + Level 3.2 Necromancy
 + Level 3.2 Translocations
 + Level 5.0 Transmutations
 + Level 3.2 Fire Magic
 + Level 3.2 Ice Magic
 + Level 3.2 Air Magic
 + Level 3.2 Earth Magic
 + Level 3.2 Poison Magic
 + Level 4.3 Invocations
 + Level 3.9 Evocations


You had 14 spell levels left.
You knew the following spells:

 Your Spells              Type           Power        Failure   Level  Hunger
a - Beastly Appendage     Tmut           ###...       7%          1    None
b - Spider Form           Tmut/Pois      ###.......   21%         3    ##.....
c - Call Imp              Summ           ###.....     16%         2    None

Your spell library contained the following spells:

 Spells                   Type           Power        Failure   Level  Hunger
 Sticks to Snakes         Tmut           ###.....     10%         2    None
 Magic Dart               Conj           ###.         12%         1    None
 Blink                    Tloc           N/A          16%         2    None
 Slow                     Hex            ###.....     16%         2    None
 Conjure Flame            Conj/Fire      ###.....     26%         3    ##.....
 Mephitic Cloud           Conj/Pois/Air  ###.....     26%         3    ##.....
 Ice Form                 Ice/Tmut       ###.....     45%         4    ####...
 Blade Hands              Tmut           ###.......   63%         5    #####..


Dungeon Overview and Level Annotations

Branches:
Dungeon (6/15)
 Temple: D:4-7

Altars:
Ashenzari
Dithmenos
Fedhas
Trog
Vehumet
The Shining One

Shops:
D:5 }


Innate Abilities, Weirdness & Mutations

Your experience applies equally to all skills.
((You have very sharp teeth.))
Your uncanny sense of smell can sniff out nearby items.


Message History

The orc warrior looks as sick as possible!
The orc warrior is severely wounded.
The orc warrior misses you.
You hit the orc warrior but do no damage.
The orc warrior is almost dead.
You kill the orc warrior!
The orc wizard points at you and mumbles some strange words.
The magic dart hits you!
* * * LOW HITPOINT WARNING * * *
You hit the orc wizard but do no damage.
The orc wizard is poisoned.
The orc wizard is moderately wounded.
The orc wizard casts a spell at you. The magic dart hits you!
* * * LOW HITPOINT WARNING * * *
You closely miss the orc wizard.
The orc wizard is heavily wounded.
The orc wizard points at you and mumbles some strange words.
The magic dart hits you!
You die...

+... #....####
#....#
#####+######....#
#...............#
#...............####
#.........%..#.....#
#.)o.........#.....#
#..s.).......#.))).#
#............#.)...#
#####'###... #.....#
#.<.# #.....#
#...########.....#
#.........##....(#
#..>.....†''..).(.
###.......##.....#
#.......########


You could see an orc wizard.

Vanquished Creatures
  Sigmund (D:2)
  2 orc warriors (D:6)
  2 ice beasts
  A sky beast (D:6)
  4 ogres
  A crocodile (D:5)
  A bullfrog (D:6)
  A centaur zombie (D:5)
  2 howler monkeys
  3 crimson imps
  2 quasits
  Crazy Yiuf (D:5)
  An orc priest (D:4)
  A bullfrog skeleton (D:5)
  An iguana (D:4)
  3 orc wizards
  4 worker ants
  A killer bee zombie (D:6)
  2 hound skeletons
  A worker ant zombie (D:5)
  8 adders
  2 howler monkey skeletons (D:6)
  2 oozes (D:3)
  An adder skeleton (D:5)
  A worm (D:4)
  4 dart slugs
  A leopard gecko (D:5)
  18 orcs
  5 bats
  6 giant cockroaches
  9 hobgoblins
  10 jackals
  2 ball pythons
  8 frilled lizards
  10 goblins
  6 kobolds
  A leopard gecko skeleton (D:6)
  A leopard gecko zombie (D:5)
  12 rats
142 creatures vanquished.

Notes
Turn   | Place    | Note
-------+----------+-------------------------------------------
     0 | D:1      | Lew the Gnoll Transmuter began the quest for the Orb.
     0 | D:1      | Reached XP level 1. HP: 17/17 MP: 6/6
   109 | D:1      | Reached XP level 2. HP: 16/23 MP: 5/7
   557 | D:1      | Reached XP level 3. HP: 27/28 MP: 9/9
   691 | D:1      | Reached skill level 5 in Spellcasting
  1005 | D:2      | Found a bloodstained altar of Trog.
  1086 | D:2      | Reached skill level 1 in Invocations
  1123 | D:2      | Found a blossoming altar of Fedhas.
  1186 | D:2      | Found a glowing golden altar of the Shining One.
  1275 | D:2      | Noticed Sigmund
  1290 | D:2      | Killed Sigmund
  1290 | D:2      | Reached skill level 1 in Short Blades
  1290 | D:2      | Reached skill level 1 in Long Blades
  1290 | D:2      | Reached skill level 1 in Axes
  1290 | D:2      | Reached skill level 1 in Maces & Flails
  1290 | D:2      | Reached skill level 1 in Polearms
  1290 | D:2      | Reached skill level 1 in Staves
  1290 | D:2      | Reached skill level 1 in Slings
  1290 | D:2      | Reached skill level 1 in Bows
  1290 | D:2      | Reached skill level 1 in Crossbows
  1290 | D:2      | Reached skill level 1 in Throwing
  1290 | D:2      | Reached skill level 1 in Armour
  1290 | D:2      | Reached skill level 1 in Stealth
  1290 | D:2      | Reached skill level 1 in Shields
  1290 | D:2      | Reached skill level 1 in Conjurations
  1290 | D:2      | Reached skill level 1 in Hexes
  1290 | D:2      | Reached skill level 1 in Charms
  1290 | D:2      | Reached skill level 1 in Summonings
  1290 | D:2      | Reached skill level 1 in Necromancy
  1290 | D:2      | Reached skill level 1 in Translocations
  1290 | D:2      | Reached skill level 1 in Fire Magic
  1290 | D:2      | Reached skill level 1 in Ice Magic
  1290 | D:2      | Reached skill level 1 in Air Magic
  1290 | D:2      | Reached skill level 1 in Earth Magic
  1290 | D:2      | Reached skill level 1 in Poison Magic
  1290 | D:2      | Reached skill level 1 in Evocations
  1290 | D:2      | Reached XP level 4. HP: 11/35 MP: 9/11
  1290 | D:2      | Reached XP level 5. HP: 13/41 MP: 9/12
  2098 | D:3      | Reached XP level 6. HP: 47/47 MP: 11/13
  2198 | D:3      | Found a shattered altar of Ashenzari.
  2326 | D:3      | Became a worshipper of Ashenzari the Shackled
  2490 | D:3      | Found a radiant altar of Vehumet.
  2629 | D:3      | Learned a level 3 spell: Spider Form
  2701 | D:3      | You fall through a shaft!
  2712 | D:4      | Reached skill level 5 in Dodging
  2730 | D:4      | Reached XP level 7. HP: 7/52 MP: 10/15
  3314 | D:5      | Entered Level 5 of the Dungeon
  3318 | D:5      | Reached skill level 7 in Unarmed Combat
  3677 | D:5      | Found a runed door.
  3682 | D:5      | Noticed Crazy Yiuf
  3691 | D:5      | Killed Crazy Yiuf
  3955 | D:5      | Found Doezairr's Gadget Shop.
  3989 | D:5      | Reached XP level 8. HP: 45/60 MP: 16/16
  4340 | D:5      | Learned a level 2 spell: Call Imp
  4482 | D:5      | Reached * piety under Ashenzari
  4554 | D:5      | Found a shadowy altar of Dithmenos.
  5088 | D:6      | Reached XP level 9. HP: 41/66 MP: 15/18
  5276 | D:6      | Reached skill level 5 in Transmutations
  5310 | D:6      | Killed from afar by an orc wizard

Skill      XL: |  1  2  3  4  5  6  7  8  9 |
---------------+----------------------------+-----
Spellcasting   | 5 6 |  6.4
Invocations    | 1 2 3 4 |  4.3
Fighting       | 3 4 |  4.7
Short Blades   | 1 2 3 |  3.9
Long Blades    | 1 2 3 |  3.9
Axes           | 1 2 3 |  3.9
Maces & Flails | 1 2 3 |  3.9
Polearms       | 1 2 3 |  3.9
Staves         | 1 2 3 |  3.9
Slings         | 1 2 3 |  3.9
Bows           | 1 2 3 |  3.9
Crossbows      | 1 2 3 |  3.9
Throwing       | 1 2 3 |  3.9
Armour         | 1 2 3 |  3.9
Stealth        | 1 2 3 |  3.9
Shields        | 1 2 3 |  3.9
Conjurations   | 1 2 3 |  3.2
Hexes          | 1 2 3 |  3.2
Charms         | 1 2 3 |  3.2
Summonings     | 1 2 3 |  3.2
Necromancy     | 1 2 3 |  3.2
Translocations | 1 2 3 |  3.2
Transmutations | 4 5 |  5.0
Fire Magic     | 1 2 3 |  3.2
Ice Magic      | 1 2 3 |  3.2
Air Magic      | 1 2 3 |  3.2
Earth Magic    | 1 2 3 |  3.2
Poison Magic   | 1 2 3 |  3.2
Evocations     | 1 2 3 |  3.9
Dodging        | 5 6 |  6.1
Unarmed Combat | 7 |  7.7

Action                   |  1- 3 |  4- 6 |  7- 9 || total
-------------------------+-------+-------+-------++-------
Melee: Unarmed           |    99 |    23 |   127 ||   249
       Punch             |     3 |     2 |     6 ||    11
       Bite              |    11 |     7 |    26 ||    44
       Kick              |     3 |     5 |    16 ||    24
       Headbutt          |     1 |     2 |    18 ||    21
       Dagger            |       |    53 |     5 ||    58
       Quarterstaff      |       |       |   119 ||   119
       Whip              |       |       |     3 ||     3
 Cast: Beastly Appendage |    14 |     5 |    18 ||    37
       Spider Form       |       |     2 |     3 ||     5
       Call Imp          |       |       |     9 ||     9
Invok: Curse Item        |       |     1 |     1 ||     2
  Use: Scroll            |     4 |     2 |     6 ||    12
       Potion            |     1 |     2 |     1 ||     4
 Stab: Sleeping          |     1 |     4 |     1 ||     6
       Distracted        |       |     1 |     2 ||     3
       Petrifying        |       |       |     2 ||     2
       Paralysed         |       |       |     2 ||     2
  Eat: Chunk             |     1 |       |     2 ||     3
       Ration            |       |     2 |     2 ||     4
Armor: Robe              |    10 |     5 |       ||    15
       Ring mail         |       |    12 |    55 ||    67
       Skin              |       |     3 |       ||     3
Dodge: Dodged            |    51 |    92 |   211 ||   354
